Map: [ESL] Site Delta

Players

ShoWTimE

  • Race: Protoss Protoss
  • Spawn Location: 11:00

Clem - Winner!

  • Race: Terran Terran
  • Spawn Location: 5:00

Event: ESL SC2 Masters 2023 Winter (Regional)

VOD

Have the link to the VOD?

Description

Time

  • Played on: Nov. 18, 2023, 11:56 a.m.
  • Length: 15:36

All games in this series

Show
View Real Time Build Order
Export as new Build Order

ShoWTimE Protoss 

Build Orders: 1 Gate Expand, Oracle Opening, Blink Stalkers 

Get SALT Encoding   

  12  0:00  Probe  
  13  0:12  Probe  
  14  0:17  Pylon  
  14  0:24  Probe (Chrono Boost)  
  15  0:36  Probe (Chrono Boost)  
  15  0:37  Gateway  
  16  0:45  Probe (Chrono Boost)  
  16  0:47  Assimilator  
  17  0:50  Probe  
  18  1:03  Probe  
  19  1:15  Probe  
  20  1:24  Cybernetics Core  
  20  1:32  Nexus  
  20  1:34  Probe  
  21  1:42  Pylon  
  21  1:46  Probe  
  22  1:49  Assimilator  
  22  1:58  Probe, Adept (Chrono Boost)  
  25  2:02  Warp Gate  
  25  2:10  Probe (Chrono Boost)  
  26  2:20  Sentry  
  29  2:23  Probe (Chrono Boost)  
  29  2:29  Probe (Chrono Boost)  
  30  2:33  Twilight Council  
  30  2:38  Probe (Chrono Boost)  
  30  2:40  Oracle  
  32  2:44  Stalker, Probe (Chrono Boost)  
  35  2:52  Gateway  
  35  2:54  Probe x2 (Chrono Boost)  
  36  2:59  Probe (Chrono Boost)  
  36  3:01  Probe  
  36  3:02  Blink (Chrono Boost)  
  38  3:10  Probe  
  39  3:13  Probe  
  39  3:19  Gateway  
  40  3:22  Probe  
  40  3:25  Pylon, Probe  
  42  3:31  Shield Battery  
  42  3:34  Probe  
  42  3:37  Probe  
  42  3:38  Robotics Facility  
  42  3:41  Assimilator  
  44  3:46  Probe  
  45  3:49  Assimilator, Probe  
  45  3:53  Stalker  
  45  3:55  Stalker  
  50  3:58  Probe  
  50  4:00  Shield Battery  
  51  4:03  Pylon, Probe  
  52  4:11  Probe  
  52  4:15  Probe  
  54  4:21  Stalker x3  
  54  4:23  Probe  
  61  4:25  Pylon  
  61  4:27  Observer  
  62  4:43  Probe  
  63  4:49  Probe  
  63  4:52  Observer, Templar Archives  
  64  4:55  Probe, Charge  
  65  5:00  Nexus  
  65  5:02  Probe  
  65  5:05  Pylon  
  66  5:08  Probe  
  66  5:09  Gateway  
  66  5:13  Gateway  
  66  5:14  Psionic Storm  
  67  5:16  Probe  
  67  5:19  Gateway  
  67  5:20  Probe  
  69  5:24  Gateway  
  69  5:28  Gateway  
  69  5:35  High Templar  
  71  5:38  Probe  
  71  5:39  Probe  
  71  5:42  High Templar  
  75  5:48  Pylon  
  75  5:51  Probe  
  77  5:57  Warp Prism (Chrono Boost)  
  77  6:02  Pylon  
  78  6:06  Probe  
  78  6:07  High Templar, Shield Battery  
  78  6:09  Probe  
  82  6:12  Probe  
  82  6:16  High Templar  
  85  6:18  Probe  
  85  6:20  Pylon  
  85  6:21  Probe  
  85  6:23  High Templar  
  85  6:24  Probe  
  90  6:31  Pylon, Probe  
  91  6:33  Zealot x5  
  91  6:37  Assimilator  
  91  6:39  Assimilator, Pylon  
  101  6:43  Forge  
  101  6:50  Probe x3  
  101  6:54  Shield Battery  
  104  6:59  Sentry, Zealot x4  
  114  7:04  Stalker  
  114  7:06  Pylon  
  114  7:08  Stalker  
  118  7:11  Stalker  
  117  7:25  Zealot x3  
  117  7:26  Zealot x2  
  117  7:27  Observer  
  103  7:33  Protoss Ground Weapons Level 1 (Chrono Boost), Probe  
  84  7:38  Zealot x3  
  84  7:41  Photon Cannon  
  89  7:49  Observer (Chrono Boost)  
  88  7:53  Stalker x2  
  88  7:54  Probe  
  88  7:55  Probe x2  
  89  7:59  Zealot  
  91  8:06  Probe  
  91  8:09  Zealot x3  
  96  8:16  Zealot x2  
  89  8:20  Probe  
  89  8:23  Probe x2  
  89  8:24  High Templar x2, Photon Cannon  
  90  8:31  Zealot  
  90  8:32  Probe  
  92  8:35  Probe x2  
  92  8:36  Zealot  
  92  8:37  High Templar x3  
  102  8:44  Probe  
  102  8:48  Robotics Facility, Robotics Bay  
  101  8:53  Stalker  
  97  8:56  Zealot  
  97  8:59  Zealot x2  
  99  9:03  Stalker  
  99  9:07  Archon  
  99  9:08  Archon  
  92  9:13  High Templar x3  
  92  9:16  Probe x2  
  92  9:17  Probe  
  101  9:25  Zealot x2  
  101  9:26  Zealot x2  
  101  9:28  Probe  
  101  9:30  Photon Cannon  
  110  9:33  Zealot  
  110  9:35  Colossus (Chrono Boost)  
  112  9:44  Colossus (Chrono Boost)  
  112  9:47  Protoss Ground Weapons Level 2 (Chrono Boost)  
  84  9:52  Extended Thermal Lance  
  118  9:53  Observer  
  118  10:00  Stalker  
  118  10:02  High Templar  
  118  10:06  Pylon  
  120  10:19  Colossus (Chrono Boost)  
  119  10:25  Observer  
  115  10:30  Stalker x2  
  115  10:31  Zealot x5  
  115  10:35  Archon  
  129  10:41  Zealot  
  131  10:44  Probe  
  131  10:49  Pylon  
  132  10:52  Nexus  
  132  10:55  Pylon  
  132  11:03  Zealot x4  
  136  11:10  Observer  
  128  11:13  Zealot x3  
  128  11:16  Zealot  
  131  11:18  Observer  
  123  11:33  High Templar x3  
  123  11:34  Colossus  
  135  11:40  Probe  
  135  11:45  Probe  
  135  11:46  Probe  
  138  11:47  Pylon  
  138  11:48  Protoss Ground Weapons Level 3 (Chrono Boost)  
  138  11:53  Pylon  
  138  12:00  Stalker x2, Pylon  
  138  12:01  Stalker  
  142  12:06  Zealot x2  
  146  12:09  Probe  
  146  12:12  Shield Battery  
  147  12:16  Photon Cannon  
  147  12:18  Shield Battery  
  147  12:19  High Templar  
  147  12:20  High Templar  
  151  12:26  Archon  
  151  12:27  Zealot x2  
  151  12:29  Probe  
  156  12:31  Probe  
  156  12:32  Zealot  
  156  12:36  High Templar x2  
  162  12:40  Archon  
  162  12:42  High Templar  
  164  12:45  Pylon  
  162  12:56  High Templar  
  158  13:00  Zealot x4  
  164  13:12  Stalker x2  
  168  13:15  Observer  
  156  13:23  Zealot x3  
  156  13:25  Archon  
  156  13:26  Archon  
  140  13:27  Zealot x2  
  140  13:29  High Templar  
  130  13:35  Archon  
  130  13:36  High Templar x2  
  130  13:38  Colossus x2 (Chrono Boost)  
  132  13:47  Zealot x3  
  150  13:49  Nexus  
  150  13:51  Pylon  
  150  14:00  High Templar, Pylon  
  150  14:01  Probe  
  153  14:08  High Templar x2  
  157  14:13  Probe x3  
  157  14:15  Sentry x2  
  164  14:17  Warp Prism (Chrono Boost)  
  164  14:22  Observer  
  167  14:28  Shield Battery  
  167  14:29  Stalker x3  
  167  14:30  Shield Battery  
  173  14:34  Probe x2  
  173  14:35  Probe  
  176  14:42  Zealot x5  
  186  14:52  Stalker  
  184  14:55  Archon  
  184  14:58  Zealot x2  
  178  15:04  Zealot x5  
  152  15:18  Zealot  
Show
View Real Time Build Order
Export as new Build Order

Clem Terran - Winner!

Build Orders: Reaper Expand 

Get SALT Encoding   

  12  0:00  SCV  
  13  0:12  SCV  
  14  0:16  Supply Depot  
  14  0:24  SCV  
  15  0:38  SCV  
  15  0:40  Barracks  
  15  0:42  Refinery  
  16  0:50  SCV  
  17  1:02  SCV  
  18  1:14  SCV  
  19  1:27  Reaper  
  19  1:28  Orbital Command  
  20  1:37  Command Center  
  20  1:46  Supply Depot  
  20  1:53  SCV  
  21  1:58  Marine  
  22  2:05  SCV  
  22  2:08  Factory  
  23  2:15  Bunker  
  23  2:16  Marine  
  23  2:18  SCV  
  25  2:25  Refinery  
  25  2:31  SCV  
  25  2:34  Barracks Reactor  
  26  2:43  SCV  
  27  2:49  Orbital Command  
  27  2:52  Hellion  
  27  2:55  Starport  
  27  2:56  SCV  
  30  3:08  SCV  
  30  3:10  Marine x2  
  33  3:15  SCV  
  33  3:18  Cyclone  
  36  3:20  SCV  
  36  3:24  Supply Depot  
  38  3:27  SCV  
  38  3:28  Marine  
  38  3:32  SCV  
  40  3:37  Medivac  
  40  3:39  SCV  
  43  3:42  Supply Depot  
  43  3:45  SCV  
  43  3:48  Marine x2  
  46  3:50  Widow Mine  
  46  3:51  SCV  
  49  3:57  SCV  
  49  4:00  Barracks  
  50  4:03  SCV, Supply Depot  
  50  4:05  Marine  
  50  4:06  Marine  
  50  4:08  Starport Tech Lab  
  50  4:09  SCV  
  54  4:11  Factory Tech Lab  
  54  4:15  SCV  
  55  4:21  SCV  
  55  4:23  Marine x2  
  58  4:24  Barracks  
  58  4:26  Raven  
  58  4:27  SCV  
  58  4:31  Supply Depot  
  61  4:33  Siege Tank  
  61  4:36  SCV  
  65  4:39  SCV  
  65  4:41  Marine x2  
  68  4:48  SCV  
  68  4:49  Marine  
  68  4:52  Refinery  
  67  4:53  Refinery, Engineering Bay  
  67  4:54  SCV  
  67  4:55  Supply Depot  
  67  4:59  Marine x2  
  70  5:00  SCV  
  70  5:06  SCV  
  72  5:08  Supply Depot  
  72  5:12  SCV  
  73  5:15  Supply Depot  
  73  5:17  Stimpack, Marauder, Marine x2  
  73  5:18  SCV  
  78  5:22  Marauder  
  78  5:23  Combat Shield  
  78  5:25  Starport Reactor, Factory Reactor  
  80  5:30  Supply Depot  
  80  5:35  Terran Infantry Weapons Level 1  
  80  5:36  Marine x2  
  80  5:38  Marauder  
  84  5:43  Supply Depot  
  84  5:48  Marauder  
  86  5:54  Supply Depot, Marine x2  
  88  6:00  Armory, Marauder  
  88  6:01  Medivac  
  88  6:03  Widow Mine x2  
  96  6:07  Supply Depot  
  96  6:10  SCV x2  
  98  6:12  Marine x2, Medivac  
  98  6:15  Marauder  
  104  6:22  Supply Depot  
  104  6:24  Marauder  
  104  6:25  Widow Mine  
  108  6:26  Widow Mine  
  108  6:30  Marine x2  
  112  6:35  Medivac  
  112  6:38  Marauder  
  116  6:41  Supply Depot  
  116  6:47  Widow Mine  
  116  6:49  Widow Mine  
  116  6:50  Command Center  
  116  6:53  Marauder  
  122  6:54  Medivac  
  122  6:55  Marine  
  122  6:56  Marine  
  126  7:01  Supply Depot  
  126  7:02  Marauder  
  128  7:09  Barracks  
  128  7:11  Barracks, Widow Mine x2  
  132  7:16  Medivac  
  132  7:18  Marine  
  132  7:19  Marine  
  132  7:20  Marauder  
  138  7:26  Medivac  
  138  7:27  Marauder  
  128  7:33  Widow Mine x2  
  128  7:36  Marine x2  
  120  7:37  SCV x2  
  120  7:41  Marauder  
  123  7:48  Marauder  
  123  7:49  SCV  
  126  7:53  Medivac  
  126  7:55  Marine, Widow Mine x2  
  126  7:57  Marine  
  134  8:02  Barracks Reactor, Barracks Tech Lab  
  134  8:03  Marauder  
  134  8:05  Barracks Tech Lab, SCV  
  137  8:10  Marauder  
  137  8:12  Ghost Academy  
  137  8:13  Marine, SCV  
  137  8:16  Widow Mine x2  
  137  8:17  SCV  
  137  8:18  Marine  
  129  8:21  Medivac  
  129  8:25  Orbital Command, SCV  
  132  8:29  SCV  
  132  8:32  Marauder  
  132  8:33  Marine x2  
  135  8:37  Marauder, SCV  
  135  8:39  Terran Infantry Armor Level 1  
  135  8:41  SCV, Marine  
  134  8:42  Marine  
  134  8:46  Widow Mine x2  
  139  8:49  SCV  
  139  8:51  Marauder  
  139  8:53  Marauder  
  138  8:55  Marine  
  138  8:57  SCV  
  138  8:59  Marine, Marauder  
  138  9:00  Marine  
  137  9:03  Medivac  
  137  9:07  Widow Mine x2  
  133  9:10  SCV  
  133  9:12  Ghost  
  133  9:13  Marine  
  133  9:14  SCV, Marine, Refinery  
  133  9:15  Bunker, SCV, Refinery  
  138  9:17  Marine  
  138  9:19  Marauder  
  138  9:22  Ghost  
  141  9:24  SCV  
  141  9:26  SCV  
  141  9:28  Supply Depot  
  141  9:31  Armory  
  143  9:32  Engineering Bay  
  143  9:35  Missile Turret, Widow Mine x2  
  143  9:37  Marine x2  
  149  9:42  Medivac  
  149  9:44  Marauder x2  
  146  9:48  Marauder  
  146  9:51  Concussive Shells  
  146  9:55  Ghost  
  146  9:56  Widow Mine  
  150  10:02  Command Center  
  150  10:04  Marine  
  151  10:08  Viking  
  151  10:09  Widow Mine  
  151  10:10  Marine  
  151  10:12  Marauder x2  
  151  10:13  Marauder  
  162  10:17  Terran Infantry Weapons Level 2  
  162  10:21  Marine  
  162  10:23  Widow Mine  
  162  10:24  Viking  
  162  10:25  Marauder  
  167  10:33  Marauder x2  
  167  10:34  Marine  
  167  10:35  Marauder  
  174  10:38  Viking, Supply Depot x2  
  176  10:46  Marauder  
  176  10:47  Terran Infantry Armor Level 2, Supply Depot  
  176  10:49  Barracks  
  176  10:53  Barracks  
  176  10:55  Marauder  
  176  10:56  Barracks  
  178  11:02  Marine, Starport  
  178  11:03  Marauder x2  
  183  11:08  Viking  
  179  11:14  Marine  
  179  11:15  Ghost, Marine  
  179  11:16  Viking  
  172  11:24  Ghost, SCV x3  
  175  11:28  Marauder  
  171  11:33  Marauder  
  171  11:35  Marine x2  
  171  11:36  SCV  
  176  11:43  Viking  
  176  11:44  Viking  
  176  11:45  Marauder  
  182  11:47  Barracks Reactor, Barracks Tech Lab x2  
  182  11:48  SCV  
  182  11:49  SCV  
  182  11:51  Marine  
  188  11:54  Marauder  
  188  11:56  Marine x2  
  188  11:59  Ghost  
  189  12:02  Planetary Fortress  
  189  12:06  Marauder  
  189  12:08  Marauder, Marine  
  193  12:11  Marauder  
  193  12:14  Marine  
  197  12:17  Refinery  
  197  12:18  Terran Ship Weapons Level 1, Refinery  
  196  12:24  Medivac  
  196  12:25  Medivac  
  198  12:30  Marine  
  198  12:35  Terran Infantry Weapons Level 3  
  199  12:41  Marauder  
  199  12:43  Command Center, Missile Turret  
  200  12:45  Missile Turret  
  194  12:59  Viking x2  
  194  13:00  Viking  
  194  13:01  Viking, Ghost  
  198  13:22  Marauder  
  198  13:25  Marine x2  
  187  13:27  Marauder  
  187  13:29  Viking x2  
  187  13:30  Viking, Marine x2  
  187  13:31  Viking  
  187  13:33  Ghost  
  185  13:44  Command Center  
  185  13:54  Fusion Core  
  183  13:59  Viking  
  183  14:01  Sensor Tower  
  185  14:06  Liberator  
  185  14:07  Missile Turret, Marauder  
  185  14:08  Marine  
  185  14:09  Marauder  
  193  14:14  Missile Turret, Marauder  
  193  14:15  Missile Turret  
  195  14:24  Starport  
  195  14:27  Missile Turret  
  195  14:29  Planetary Fortress  
  195  14:32  Liberator  
  197  14:38  Liberator  
  199  14:49  Marine  
  200  14:58  Medivac  
  198  15:01  Ghost  
  193  15:07  Marine  
  193  15:10  Marine  
  193  15:11  Marauder  
Tags
 
Add a new tag
Caveats
  • Supply blocks, unpowered buildings, or Contaminate may cause inaccurate times.
  • Supply counts are checked every 10 seconds.